 Dungeon Crawl Stone Soup version 0.19.3-1-g3169bf9 (webtiles) character file.

232 theAP the Skirmisher (level 6, -8/40 HPs)
             Began as a Gargoyle Fighter on Jan 27, 2017.
             Mangled by a gnoll
             ... wielding a +0 halberd
              (9 damage)
             ... on level 4 of the Dungeon.
             The game lasted 00:05:19 (2375 turns).

theAP the Skirmisher (Gargoyle Fighter)             Turns: 2375, Time: 00:05:20

Health: -8/40      AC: 15    Str: 27    XL:     6   Next: 4%
Magic:  15/15      EV:  4    Int:  8    God:
Gold:   180        SH:  9    Dex:  9    Spells: 0 memorised, 5 levels left

rFire  . . .     SeeInvis .     a - +0 flail
rCold  . . .     Gourm    .     i - +0 plate armour
rNeg   + . .     Faith    +     c - +0 shield
rPois  ∞         Spirit   .     u - +0 hat
rElec  +         Reflect  .     (no cloak)
rCorr  .         Harm     .     (no gloves)
MR     .....                    (no boots)
Stlth  ..........               o - amulet of faith
                                (no ring)
                                n - ring of magical power

@: mighty, flying
A: negative energy resistance 1, electricity resistance, unbreathing,
petrification resistance, rot immunity, AC +4
a: no special abilities


You were on level 4 of the Dungeon.
You were hungry.

You visited 1 branch of the dungeon, and saw 4 of its levels.

You collected 180 gold pieces.

Inventory:

Hand Weapons
 a - a +0 flail (weapon)
Armour
 b - a +0 scale mail
 c - a +0 shield (worn)
 i - a +0 plate armour (worn)
 u - a +0 hat (worn)
Jewellery
 n - a ring of magical power (left hand)
 o - an amulet of faith (around neck)
Scrolls
 e - 5 scrolls of identify {unknown}
 l - a scroll of recharging {unknown}
 m - a scroll of noise {unknown}
 p - 2 scrolls of magic mapping {unknown}
 q - a scroll of enchant weapon {unknown}
 s - a scroll of remove curse {unknown}
 v - 2 scrolls of amnesia {unknown}
 w - a scroll of fear {unknown}
 x - a scroll of teleportation {unknown}
Potions
 j - a potion of degeneration {unknown}
 k - a potion of flight
 t - 3 potions of brilliance {unknown}
 z - 2 potions of heal wounds {unknown}
Comestibles
 f - 2 bread rations
 g - a royal jelly
 h - 4 meat rations


   Skills:
 + Level 5.4 Fighting
 * Level 4.6 Maces & Flails
 - Level 3.2 Armour
 - Level 3.2 Shields


You had 5 spell levels left.
You didn't know any spells.

Dungeon Overview and Level Annotations

Branches:
Dungeon (4/15)
 Temple: D:4-7

Altars:
The Shining One


Innate Abilities, Weirdness & Mutations

You are resistant to torment.
Your stone body is resilient. (AC +4)
You are immune to poison.
You resist negative energy. (rN+)
You are resistant to electric shocks. (rElec)
You can survive without breathing.
You are immune to petrification.
You are immune to rotting.


Message History

The worker ant bites you but does no damage.
You closely miss the worker ant.
The worker ant is almost dead.
You block the worker ant's attack. You block the gnoll's attack.
You barely miss the worker ant.
The worker ant is almost dead.
The worker ant waves its antennae.
You block the worker ant's attack. The gnoll hits you but does no damage.
Your plate armour prevents you from hitting the worker ant.
The worker ant is almost dead.
The worker ant bites you.
* * * LOW HITPOINT WARNING * * *
You block the worker ant's attack.
The gnoll hits you from afar with a halberd.
* * * LOW HITPOINT WARNING * * *
Your plate armour prevents you from hitting the worker ant.
The worker ant is almost dead.
The worker ant barely misses you.
The gnoll hits you from afar with a halberd!
You die...

#################
#.@aog...........
#.##g...........
... ###........#
#..# #........#
.... #........# #
##.## #........#
.. .. #........#
... #.
###........#....
#.<.............


You could see a worker ant, 2 gnolls and an orc.

Vanquished Creatures
  A howler monkey (D:4)
  A hound (D:4)
  Natasha (D:3)
  A gnoll (D:4)
  An adder (D:3)
  4 oozes
  3 worms (D:2)
  A dart slug (D:1)
  A leopard gecko (D:2)
  2 orcs
  3 ball pythons
  13 bats
  3 giant cockroaches (D:1)
  3 goblins
  11 hobgoblins
  12 jackals
  10 kobolds
  2 quokkas
  A ball python skeleton (D:4)
  5 frilled lizards
  5 rats
84 creatures vanquished.

Notes
Turn   | Place    | Note
-------+----------+-------------------------------------------
     0 | D:1      | theAP the Gargoyle Fighter began the quest for the Orb.
     0 | D:1      | Reached XP level 1. HP: 14/14 MP: 1/1
   118 | D:1      | Reached XP level 2. HP: 13/20 MP: 2/2
   196 | D:1      | Reached skill level 4 in Fighting
   272 | D:1      | Reached XP level 3. HP: 20/24 MP: 3/3
   951 | D:2      | Reached XP level 4. HP: 30/30 MP: 4/4
  1665 | D:3      | Noticed Natasha
  1677 | D:3      | Killed Natasha
  1677 | D:3      | Reached XP level 5. HP: 29/34 MP: 5/5
  1775 | D:3      | Reached skill level 5 in Fighting
  2214 | D:3      | Found a glowing golden altar of the Shining One.
  2358 | D:4      | HP: 1/35 [gnoll/halberd (6)]
  2371 | D:4      | Reached XP level 6. HP: 9/40 MP: 6/6
  2374 | D:4      | HP: 1/40 [gnoll/halberd (6)]
  2375 | D:4      | Mangled by a gnoll

Skill      XL: |  1  2  3  4  5 |
---------------+----------------+-----
Fighting       | 4 5 |  5.4
Maces & Flails | 3 4 |  4.6
Armour         | |  3.2
Shields        | |  3.2

Action                   |  1- 3 |  4- 6 || total
-------------------------+-------+-------++-------
Melee: Flail             |   177 |   247 ||   424
  Use: Potion            |       |     4 ||     4
  Eat: Chunk             |     1 |     4 ||     5
Armor: Plate armour      |   183 |   282 ||   465
Dodge: Dodged            |    32 |    49 ||    81
Block: Shield            |   115 |   209 ||   324
